Oilers vs Bruins

Created - November 18, 2015 at 17:21

Goals
1 2 3 T
Oilers 0 0 0 0
Bruins 1 0 1 2
Shots
1 2 3 T
Oilers 5 3 7 15
Bruins 13 9 9 31

1st period

1. Bruins , Tomas Plekanec 11 (John Carlson, Brad Marchand) at 3:52

Penalties :
Marco Scandella (EDM) for Roughing (Minor) at 11:15

2nd period

No Goal

Penalties :
Drew Doughty (BOS) for Interference (Minor) at 2:19, Kyle Quincey (EDM) for Holding (Minor) at 12:39

3rd period

2. Bruins , Patrice Bergeron 6 (Dougie Hamilton, Patrick Sharp) at 1:37

Penalties :
P.K. Subban (BOS) for Holding (Minor) at 6:44

Goalie Stats

Kari Lehtonen (EDM), 29 saves from 31 shots - (0.935), L, 7-8-2, 60:00 minutes
Carey Price (BOS), 15 saves from 15 shots - (1.000), W, 13-4-1, 60:00 minutes

Players Stats for Oilers

Player Name              G  A  P  +/- PIM S  H  SB GA TA FO     MP     PP MP  PK MP  
------------------------------------------------------------------------------------
Aleksander Barkov        0  0  0   0  0   0  0  0  0  0  5/11    5:54   1:18   0:00 
Bo Horvat                0  0  0   0  0   2  0  1  0  0  5/10   14:53   0:00   0:00 
Brad Stuart              0  0  0  -1  0   0  2  0  0  0  0/0    22:25   2:10   0:20 
Brian Campbell           0  0  0  -1  0   1  0  0  0  0  0/0    21:22   1:48   1:58 
Dominic Moore            0  0  0  -1  0   1  1  0  0  0  0/1    18:31   0:00   1:33 
Drew Miller              0  0  0   0  0   1  0  1  0  0  1/1    16:26   0:00   1:33 
Jay Beagle               0  0  0   0  0   1  0  0  0  0  0/1    14:53   0:00   0:00 
Jeff Schultz             0  0  0   0  0   0  1  0  0  0  0/0    15:34   0:00   1:01 
Justin Williams          0  0  0  -1  0   0  0  0  0  0  0/1    16:34   1:56   0:00 
Kyle Quincey             0  0  0   0  2   0  2  1  0  0  0/0    15:25   0:00   0:53 
Landon Ferraro           0  0  0   0  0   0  0  0  0  0  1/2     1:57   0:58   0:00 
Marc-Edouard Vlasic      0  0  0  -1  0   1  0  0  0  0  0/0    22:21   1:48   2:57 
Marco Scandella          0  0  0  -1  2   1  1  0  0  0  0/0    22:51   2:10   0:47 
Mikkel Boedker           0  0  0  -1  0   2  0  0  0  0  0/2    16:34   1:56   0:00 
Nail Yakupov             0  0  0   0  0   2  1  0  0  0  0/0     7:37   2:02   0:00 
Ryan Kesler              0  0  0  -1  0   2  6  0  0  0  16/23  22:38   0:00   2:25 
Scottie Upshall          0  0  0  -1  0   0  1  0  0  0  0/1    18:46   1:48   0:00 
Tyler Bozak              0  0  0  -1  0   1  2  0  0  0  6/20   21:19   1:56   2:25 

Players Stats for Bruins

Player Name              G  A  P  +/- PIM S  H  SB GA TA FO     MP     PP MP  PK MP  
------------------------------------------------------------------------------------
Brad Marchand            0  1  1   1  0   3  4  1  0  0  0/1    21:35   1:36   0:00 
Brandon Pirri            0  0  0   0  0   3  0  0  0  0  0/1    12:51   2:22   0:03 
Brendan Gallagher        0  0  0   1  0   1  0  0  0  0  0/1    21:35   1:36   0:00 
Carl Soderberg           0  0  0   0  0   0  0  0  0  0  2/3    14:16   2:22   1:28 
Corey Perry              0  0  0   1  0   4  2  0  0  0  0/0    15:30   0:00   0:00 
Dougie Hamilton          0  1  1   1  0   1  1  4  0  0  0/0    19:58   1:36   1:59 
Drew Doughty             0  0  0   1  2   1  1  2  0  0  0/0    21:54   2:22   1:00 
Joe Morrow               0  0  0   0  0   1  0  0  0  0  0/0    14:34   0:00   0:03 
John Carlson             0  1  1   1  0   0  0  0  0  0  0/0    24:41   1:36   1:55 
Melker Karlsson          0  0  0   0  0   2  1  0  0  0  6/10   10:26   0:00   0:00 
P.K. Subban              0  0  0   1  2   1  4  1  0  0  0/0    22:18   2:22   0:57 
Patrice Bergeron         1  0  1   1  0   5  0  1  0  0  16/28  18:10   0:00   2:40 
Patrick Sharp            0  1  1   1  0   2  1  0  0  0  0/0    16:22   0:00   0:52 
Ryan Spooner             0  0  0   0  0   1  0  0  0  0  4/8     6:50   0:41   0:00 
Seth Griffith            0  0  0   0  0   0  0  0  0  0  0/0     6:09   0:00   0:00 
Tomas Plekanec           1  0  1   1  0   5  0  0  0  0  11/20  21:40   1:41   0:00 
Torey Krug               0  0  0   0  0   0  1  0  0  0  0/0    16:33   0:00   2:02 
Zach Parise              0  0  0   0  0   1  2  0  0  0  0/1    10:38   1:36   2:53 

3 Stars

1 - Carey Price (BOS)
2 - Patrice Bergeron (BOS)
3 - Brad Marchand (BOS)

Power Play

Oilers - 0 on 2 Attempt(s) - 0.00%
Bruins - 0 on 2 Attempt(s) - 0.00%

Penalty Kill

Oilers - 2 on 2 Attempt(s) - 100.00% - Score 0 goal in Penalty Kill
Bruins - 2 on 2 Attempt(s) - 100.00% - Score 0 goal in Penalty Kill

Team Stat

Oilers - Hits : 17 - Faceoff Wins : 34 - Blocked Shots : 3 - Penalty Minutes : 4
Bruins - Hits : 17 - Faceoff Wins : 39 - Blocked Shots : 9 - Penalty Minutes : 4

Official

Referees : Jon Mclsaac and Greg Kimmerly
Linesman : Tim Nowak and Jean Morin

Game Notes

Aleksander Barkov is injured at 6:58 of 3rd period (Left Hip)

Finance

Level 1 -- Attendance: 6354 (97.75%) -- Ticket Income $698,940
Level 2 -- Attendance: 4633 (92.66%) -- Ticket Income $347,475
Level 3 -- Attendance: 3439 (98.26%) -- Ticket Income $192,584
Level 4 -- Attendance: 1565 (100.00%) -- Ticket Income $62,600
Luxury Box -- Attendance: 870 (87.00%) -- Ticket Income $173,130
Game was played at the TD Garden.
Total Attendance: 16861 (95.99%)
Total Ticket Income: $1,474,729
Other Income: $221,209
Total Income: $1,695,938

% Time on Ice - Oilers

Lines # - Real PCT - Wanted PCT - Time Play
Normal Forward
1 - 28% - 30% - 14:38
2 - 33% - 30% - 16:58
3 - 29% - 25% - 14:53
4 - 11% - 15% - 5:35
Normal Defense
1 - 35% - 40% - 18:13
2 - 34% - 30% - 17:36
3 - 28% - 20% - 14:33
4 - 3% - 10% - 1:42
PP Forward
1 - 49% - 60% - 1:56
2 - 51% - 40% - 2:02
PP Defense
1 - 55% - 60% - 2:10
2 - 45% - 40% - 1:48
PK Forward
1 - 61% - 50% - 2:25
2 - 39% - 50% - 1:33
PK Defense
1 - 50% - 60% - 2:00
2 - 50% - 40% - 1:58
PK3 Forward
1 - 0% - 60%
2 - 0% - 40%
PK3 Defense
1 - 0% - 60%
2 - 0% - 40%
44 Forward
1 - 0% - 60%
2 - 0% - 40%
44 Defense
1 - 0% - 60%
2 - 0% - 40%
Last Minute Offensive  - 0:00
Last Minute Defensive  - 0:00
Total
Forward - 60:00
Defense - 60:00

% Time on Ice - Bruins

Lines # - Real PCT - Wanted PCT - Time Play
Normal Forward
1 - 38% - 40% - 19:59
2 - 30% - 30% - 15:30
3 - 20% - 20% - 10:26
4 - 12% - 10% - 6:09
Normal Defense
1 - 36% - 40% - 19:00
2 - 31% - 30% - 16:12
3 - 28% - 20% - 14:31
4 - 5% - 10% - 2:21
PP Forward
1 - 60% - 60% - 2:22
2 - 40% - 40% - 1:36
PP Defense
1 - 60% - 60% - 2:22
2 - 40% - 40% - 1:36
PK Forward
1 - 78% - 60% - 3:06
2 - 22% - 40% - 0:52
PK Defense
1 - 49% - 60% - 1:56
2 - 51% - 40% - 2:02
PK3 Forward
1 - 0% - 60%
2 - 0% - 40%
PK3 Defense
1 - 0% - 60%
2 - 0% - 40%
44 Forward
1 - 0% - 60%
2 - 0% - 40%
44 Defense
1 - 0% - 60%
2 - 0% - 40%
Last Minute Offensive  - 0:00
Last Minute Defensive  - 0:00
Total
Forward - 60:00
Defense - 60:00

Play by Play

1st period


0:01 of 1st period - Ryan Kesler wins face-off versus Tomas Plekanec in neutral zone.
0:21 of 1st period - Off-side.
0:22 of 1st period - Patrice Bergeron wins face-off versus Tyler Bozak in neutral zone.
0:41 of 1st period - Dougie Hamilton is hit by Tyler Bozak and loses puck.
1:38 of 1st period - Shot by Brandon Pirri.
1:38 of 1st period - Deflect By Melker Karlsson.
1:38 of 1st period - Shot Misses the Net.
1:48 of 1st period - Shot by Melker Karlsson.
1:48 of 1st period - Shot Misses the Net.
1:56 of 1st period - Shot by Brandon Pirri.
1:56 of 1st period - Stopped by Kari Lehtonen without a rebound.
1:57 of 1st period - Aleksander Barkov wins face-off versus Tomas Plekanec in Oilers zone.
1:57 of 1st period - Brad Stuart is hit by Brad Marchand and loses puck.
2:23 of 1st period - Shot by Nail Yakupov.
2:23 of 1st period - Stopped by Carey Price without a rebound.
2:24 of 1st period - Ryan Spooner wins face-off versus Scottie Upshall in Bruins zone.
2:34 of 1st period - Brian Campbell is hit by Zach Parise and loses puck.
3:16 of 1st period - Ryan Spooner is hit by Ryan Kesler and loses puck.
3:52 of 1st period - Shot by Tomas Plekanec.
3:52 of 1st period - Goal by Tomas Plekanec - Oilers : 0 - Bruins : 1.
3:53 of 1st period - Drew Miller wins face-off versus Patrice Bergeron in neutral zone.
4:13 of 1st period - Shot by Bo Horvat.
4:13 of 1st period - Stopped by Carey Price without a rebound.
4:14 of 1st period - Carl Soderberg wins face-off versus Tyler Bozak in Bruins zone.
4:48 of 1st period - Shot by Brandon Pirri.
4:48 of 1st period - Shot Misses the Net.
5:35 of 1st period - Shot by Brad Marchand.
5:35 of 1st period - Stopped by Kari Lehtonen without a rebound.
5:36 of 1st period - Patrice Bergeron wins face-off versus Bo Horvat in Oilers zone.
5:43 of 1st period - Shot by Corey Perry.
5:43 of 1st period - Stopped by Kari Lehtonen with a rebound.
7:03 of 1st period - Icing by Tomas Plekanec.
7:04 of 1st period - Tyler Bozak wins face-off versus Tomas Plekanec in Bruins zone.
7:25 of 1st period - Shot by Dominic Moore.
7:25 of 1st period - Stopped by Carey Price without a rebound.
7:26 of 1st period - Ryan Kesler wins face-off versus Melker Karlsson in Bruins zone.
7:52 of 1st period - Off-side.
7:53 of 1st period - Tomas Plekanec wins face-off versus Bo Horvat in neutral zone.
8:07 of 1st period - Tomas Plekanec is hit by Jeff Schultz and loses puck.
8:31 of 1st period - Off-side.
8:32 of 1st period - Patrice Bergeron wins face-off versus Ryan Kesler in neutral zone.
8:37 of 1st period - Icing by Marco Scandella.
8:38 of 1st period - Ryan Kesler wins face-off versus Patrice Bergeron in Oilers zone.
8:38 of 1st period - Ryan Kesler is hit by Corey Perry.
8:46 of 1st period - Icing by John Carlson.
8:47 of 1st period - Ryan Kesler wins face-off versus Patrice Bergeron in Bruins zone.
8:47 of 1st period - Justin Williams is hit by P.K. Subban and loses puck.
9:11 of 1st period - Icing by Ryan Kesler.
9:12 of 1st period - Ryan Kesler wins face-off versus Tomas Plekanec in Oilers zone.
9:39 of 1st period - Shot by Tomas Plekanec.
9:39 of 1st period - Shot Misses the Net.
9:45 of 1st period - Shot by Brad Marchand.
9:45 of 1st period - Stopped by Kari Lehtonen with a rebound.
9:47 of 1st period - Shot by Dougie Hamilton.
9:47 of 1st period - Stopped by Kari Lehtonen without a rebound.
9:48 of 1st period - Ryan Spooner wins face-off versus Tyler Bozak in Oilers zone.
10:06 of 1st period - Off-side.
10:07 of 1st period - Bo Horvat wins face-off versus Patrice Bergeron in neutral zone.
10:44 of 1st period - Shot by Corey Perry.
10:44 of 1st period - Stopped by Kari Lehtonen without a rebound.
10:45 of 1st period - Aleksander Barkov wins face-off versus Tomas Plekanec in Oilers zone.
11:09 of 1st period - Tomas Plekanec is hit by Brad Stuart and loses puck.
11:14 of 1st period - Shot by Tomas Plekanec.
11:14 of 1st period - Stopped by Kari Lehtonen with a rebound.
11:15 of 1st period - Minor Penalty to Marco Scandella for Roughing.
11:16 of 1st period - Carl Soderberg wins face-off versus Dominic Moore in Oilers zone.
11:19 of 1st period - Shot by P.K. Subban.
11:19 of 1st period - Stopped by Kari Lehtonen with a rebound.
12:41 of 1st period - Shot by John Carlson.
12:41 of 1st period - Shot Misses the Net.
12:43 of 1st period - Shot by Zach Parise.
12:43 of 1st period - Shot Misses the Net.
13:25 of 1st period - Shot by Patrice Bergeron.
13:25 of 1st period - Stopped by Kari Lehtonen without a rebound.
13:26 of 1st period - Patrice Bergeron wins face-off versus Bo Horvat in Oilers zone.
13:41 of 1st period - Shot by Jay Beagle.
13:41 of 1st period - Shot Misses the Net.
13:47 of 1st period - Shot by Drew Miller.
13:47 of 1st period - Stopped by Carey Price without a rebound.
13:48 of 1st period - Tyler Bozak wins face-off versus Zach Parise in Bruins zone.
13:54 of 1st period - P.K. Subban is hit by Kyle Quincey and loses puck.
14:09 of 1st period - Shot by Zach Parise.
14:09 of 1st period - Deflect By Ryan Spooner.
14:09 of 1st period - Stopped by Kari Lehtonen without a rebound.
14:10 of 1st period - Tomas Plekanec wins face-off versus Ryan Kesler in Oilers zone.
14:15 of 1st period - Shot by Tomas Plekanec.
14:15 of 1st period - Stopped by Kari Lehtonen without a rebound.
14:16 of 1st period - Tomas Plekanec wins face-off versus Jay Beagle in Oilers zone.
14:29 of 1st period - Shot by Drew Miller.
14:29 of 1st period - Deflect By Jay Beagle.
14:29 of 1st period - Shot Misses the Net.
14:33 of 1st period - Shot by Jay Beagle.
14:33 of 1st period - Shot Blocked by Drew Doughty.
14:37 of 1st period - Shot by Drew Miller.
14:37 of 1st period - Shot Blocked by Dougie Hamilton.
14:42 of 1st period - Bo Horvat is hit by Dougie Hamilton and loses puck.
14:46 of 1st period - Bo Horvat is hit by Drew Doughty.
14:52 of 1st period - Shot by Bo Horvat.
14:52 of 1st period - Shot Misses the Net.
15:11 of 1st period - Icing by Brendan Gallagher.
15:12 of 1st period - Ryan Kesler wins face-off versus Brendan Gallagher in Bruins zone.
15:49 of 1st period - Shot by Ryan Kesler.
15:49 of 1st period - Stopped by Carey Price without a rebound.
15:50 of 1st period - Melker Karlsson wins face-off versus Tyler Bozak in Bruins zone.
16:53 of 1st period - Shot by Patrice Bergeron.
16:53 of 1st period - Stopped by Kari Lehtonen with a rebound.
18:21 of 1st period - Icing by Justin Williams.
18:22 of 1st period - Ryan Kesler wins face-off versus Melker Karlsson in Oilers zone.
18:50 of 1st period - Icing by Brandon Pirri.
18:51 of 1st period - Melker Karlsson wins face-off versus Bo Horvat in Bruins zone.
Goals for this period are 0 for Oilers vs 1 for Bruins.
Shots for this period are 5 for Oilers vs 13 for Bruins.

2nd period


0:01 of 2nd period - Tomas Plekanec wins face-off versus Aleksander Barkov in neutral zone.
0:15 of 2nd period - Icing by P.K. Subban.
0:16 of 2nd period - Tomas Plekanec wins face-off versus Tyler Bozak in Bruins zone.
0:16 of 2nd period - Tomas Plekanec is hit by Scottie Upshall.
1:24 of 2nd period - Shot by Corey Perry.
1:24 of 2nd period - Stopped by Kari Lehtonen without a rebound.
1:25 of 2nd period - Ryan Kesler wins face-off versus Melker Karlsson in Oilers zone.
1:35 of 2nd period - Icing by Drew Doughty.
1:36 of 2nd period - Melker Karlsson wins face-off versus Ryan Kesler in Bruins zone.
1:36 of 2nd period - Melker Karlsson is hit by Ryan Kesler.
1:45 of 2nd period - Icing by Brad Stuart.
1:46 of 2nd period - Ryan Kesler wins face-off versus Patrice Bergeron in Oilers zone.
2:00 of 2nd period - Shot by Justin Williams.
2:00 of 2nd period - Shot Blocked by Drew Doughty.
2:06 of 2nd period - Shot by Justin Williams.
2:06 of 2nd period - Shot Misses the Net.
2:08 of 2nd period - Shot by Marco Scandella.
2:08 of 2nd period - Shot Misses the Net.
2:16 of 2nd period - Shot by Ryan Kesler.
2:16 of 2nd period - Deflect By Justin Williams.
2:16 of 2nd period - Shot Misses the Net.
2:19 of 2nd period - Minor Penalty to Drew Doughty for Interference.
2:20 of 2nd period - Patrice Bergeron wins face-off versus Aleksander Barkov in Bruins zone.
3:00 of 2nd period - Shot by Brian Campbell.
3:00 of 2nd period - Shot Misses the Net.
3:23 of 2nd period - Icing by Brad Stuart.
3:24 of 2nd period - Tyler Bozak wins face-off versus Patrice Bergeron in Oilers zone.
3:55 of 2nd period - Justin Williams is hit by P.K. Subban.
4:10 of 2nd period - Icing by Brian Campbell.
4:11 of 2nd period - Patrice Bergeron wins face-off versus Aleksander Barkov in Oilers zone.
4:21 of 2nd period - Icing by Marc-Edouard Vlasic.
4:22 of 2nd period - Tomas Plekanec wins face-off versus Bo Horvat in Oilers zone.
4:27 of 2nd period - Shot by Tomas Plekanec.
4:27 of 2nd period - Stopped by Kari Lehtonen without a rebound.
4:28 of 2nd period - Tomas Plekanec wins face-off versus Aleksander Barkov in Oilers zone.
4:56 of 2nd period - John Carlson is hit by Ryan Kesler and loses puck.
5:11 of 2nd period - Shot by Tomas Plekanec.
5:11 of 2nd period - Stopped by Kari Lehtonen with a rebound.
5:25 of 2nd period - John Carlson is hit by Ryan Kesler and loses puck.
6:17 of 2nd period - Off-side.
6:18 of 2nd period - Bo Horvat wins face-off versus Patrice Bergeron in neutral zone.
6:55 of 2nd period - Shot by Bo Horvat.
6:55 of 2nd period - Shot Misses the Net.
7:37 of 2nd period - Shot by Brandon Pirri.
7:37 of 2nd period - Stopped by Kari Lehtonen without a rebound.
7:38 of 2nd period - Ryan Kesler wins face-off versus Ryan Spooner in Oilers zone.
7:55 of 2nd period - Shot by Ryan Kesler.
7:55 of 2nd period - Shot Misses the Net.
7:57 of 2nd period - Shot by Mikkel Boedker.
7:57 of 2nd period - Stopped by Carey Price without a rebound.
7:58 of 2nd period - Melker Karlsson wins face-off versus Tyler Bozak in Bruins zone.
8:16 of 2nd period - Shot by Brandon Pirri.
8:16 of 2nd period - Shot Misses the Net.
8:18 of 2nd period - Shot by Joe Morrow.
8:18 of 2nd period - Stopped by Kari Lehtonen with a rebound.
8:20 of 2nd period - Shot by Brandon Pirri.
8:20 of 2nd period - Deflect By Melker Karlsson.
8:20 of 2nd period - Shot Misses the Net.
8:34 of 2nd period - Melker Karlsson is hit by Tyler Bozak and loses puck.
8:46 of 2nd period - Off-side.
8:47 of 2nd period - Tomas Plekanec wins face-off versus Mikkel Boedker in neutral zone.
9:18 of 2nd period - Shot by Ryan Kesler.
9:18 of 2nd period - Shot Blocked by Brad Marchand.
9:20 of 2nd period - Shot by Marco Scandella.
9:20 of 2nd period - Deflect By Ryan Kesler.
9:20 of 2nd period - Shot Misses the Net.
10:05 of 2nd period - Shot by Drew Miller.
10:05 of 2nd period - Deflect By Jay Beagle.
10:05 of 2nd period - Shot Blocked by Dougie Hamilton.
10:07 of 2nd period - Shot by Kyle Quincey.
10:07 of 2nd period - Shot Hit the Post.
10:09 of 2nd period - Shot by Jay Beagle.
10:09 of 2nd period - Stopped by Carey Price without a rebound.
10:10 of 2nd period - Ryan Spooner wins face-off versus Tyler Bozak in Bruins zone.
11:30 of 2nd period - Shot by Patrice Bergeron.
11:30 of 2nd period - Shot Misses the Net.
11:38 of 2nd period - Shot by Patrick Sharp.
11:38 of 2nd period - Stopped by Kari Lehtonen without a rebound.
11:39 of 2nd period - Bo Horvat wins face-off versus Tomas Plekanec in Oilers zone.
12:17 of 2nd period - Jeff Schultz is hit by Brad Marchand and loses puck.
12:23 of 2nd period - Tomas Plekanec is hit by Kyle Quincey and loses puck.
12:39 of 2nd period - Minor Penalty to Kyle Quincey for Holding.
12:40 of 2nd period - Ryan Kesler wins face-off versus Tomas Plekanec in Oilers zone.
12:48 of 2nd period - Icing by Drew Doughty.
12:49 of 2nd period - Ryan Kesler wins face-off versus Carl Soderberg in Bruins zone.
14:52 of 2nd period - Shot by Corey Perry.
14:52 of 2nd period - Deflect By Patrice Bergeron.
14:52 of 2nd period - Stopped by Kari Lehtonen without a rebound.
14:53 of 2nd period - Patrice Bergeron wins face-off versus Mikkel Boedker in Oilers zone.
15:50 of 2nd period - Shot by Tyler Bozak.
15:50 of 2nd period - Shot Misses the Net.
16:11 of 2nd period - Icing by Drew Doughty.
16:12 of 2nd period - Bo Horvat wins face-off versus Ryan Spooner in Bruins zone.
16:41 of 2nd period - Shot by Drew Miller.
16:41 of 2nd period - Deflect By Jay Beagle.
16:41 of 2nd period - Shot Misses the Net.
16:43 of 2nd period - Shot by Bo Horvat.
16:43 of 2nd period - Stopped by Carey Price without a rebound.
16:44 of 2nd period - Tomas Plekanec wins face-off versus Ryan Kesler in Bruins zone.
17:03 of 2nd period - Icing by Marco Scandella.
17:04 of 2nd period - Ryan Kesler wins face-off versus Patrice Bergeron in Oilers zone.
17:22 of 2nd period - Icing by Drew Doughty.
17:23 of 2nd period - Patrice Bergeron wins face-off versus Tyler Bozak in Bruins zone.
18:11 of 2nd period - Tomas Plekanec is hit by Dominic Moore.
18:45 of 2nd period - P.K. Subban is hit by Marco Scandella and loses puck.
19:19 of 2nd period - Icing by Kyle Quincey.
19:20 of 2nd period - Melker Karlsson wins face-off versus Ryan Kesler in Oilers zone.
19:50 of 2nd period - Shot by Melker Karlsson.
19:50 of 2nd period - Stopped by Kari Lehtonen with a rebound.
19:52 of 2nd period - Shot by Melker Karlsson.
19:52 of 2nd period - Stopped by Kari Lehtonen with a rebound.
Goals for this period are 0 for Oilers vs 0 for Bruins.
Shots for this period are 3 for Oilers vs 9 for Bruins.

3rd period


0:01 of 3rd period - Aleksander Barkov wins face-off versus Tomas Plekanec in neutral zone.
0:01 of 3rd period - Marco Scandella is hit by Brad Marchand and loses puck.
0:07 of 3rd period - Off-side.
0:08 of 3rd period - Aleksander Barkov wins face-off versus Tomas Plekanec in neutral zone.
0:46 of 3rd period - Icing by Marco Scandella.
0:47 of 3rd period - Patrice Bergeron wins face-off versus Aleksander Barkov in Oilers zone.
0:54 of 3rd period - Shot by Patrick Sharp.
0:54 of 3rd period - Stopped by Kari Lehtonen without a rebound.
0:55 of 3rd period - Patrice Bergeron wins face-off versus Tyler Bozak in Oilers zone.
1:10 of 3rd period - Shot by Patrice Bergeron.
1:10 of 3rd period - Deflect By Corey Perry.
1:10 of 3rd period - Stopped by Kari Lehtonen with a rebound.
1:12 of 3rd period - Shot by Drew Doughty.
1:12 of 3rd period - Stopped by Kari Lehtonen with a rebound.
1:35 of 3rd period - Shot by Patrice Bergeron.
1:35 of 3rd period - Shot Misses the Net.
1:37 of 3rd period - Shot by Patrice Bergeron.
1:37 of 3rd period - Goal by Patrice Bergeron - Oilers : 0 - Bruins : 2.
1:38 of 3rd period - Ryan Kesler wins face-off versus Brad Marchand in neutral zone.
1:48 of 3rd period - Brad Marchand is hit by Ryan Kesler and loses puck.
1:52 of 3rd period - John Carlson is hit by Brad Stuart and loses puck.
3:31 of 3rd period - Shot by Corey Perry.
3:31 of 3rd period - Shot Misses the Net.
4:25 of 3rd period - Shot by Tyler Bozak.
4:25 of 3rd period - Stopped by Carey Price without a rebound.
4:26 of 3rd period - Aleksander Barkov wins face-off versus Ryan Spooner in Bruins zone.
4:51 of 3rd period - Shot by Zach Parise.
4:51 of 3rd period - Stopped by Kari Lehtonen without a rebound.
4:52 of 3rd period - Tomas Plekanec wins face-off versus Tyler Bozak in Oilers zone.
4:59 of 3rd period - Marc-Edouard Vlasic is hit by Brad Marchand and loses puck.
5:15 of 3rd period - Icing by Brian Campbell.
5:16 of 3rd period - Tyler Bozak wins face-off versus Brandon Pirri in Oilers zone.
5:16 of 3rd period - Tyler Bozak is hit by Melker Karlsson.
6:34 of 3rd period - Mikkel Boedker is hit by P.K. Subban and loses puck.
6:37 of 3rd period - Shot by Marco Scandella.
6:37 of 3rd period - Shot Blocked by P.K. Subban.
6:39 of 3rd period - Shot by Ryan Kesler.
6:39 of 3rd period - Shot Misses the Net.
6:41 of 3rd period - Shot by Marco Scandella.
6:41 of 3rd period - Shot Misses the Net.
6:44 of 3rd period - Minor Penalty to P.K. Subban for Holding.
6:45 of 3rd period - Patrice Bergeron wins face-off versus Aleksander Barkov in Bruins zone.
6:45 of 3rd period - Patrice Bergeron is hit by Nail Yakupov.
6:57 of 3rd period - Aleksander Barkov is hit by Zach Parise and loses puck.
6:58 of 3rd period - Aleksander Barkov from Oilers is injured at 6:58 of 3rd period (Left Hip).
6:59 of 3rd period - Patrice Bergeron wins face-off versus Tyler Bozak in Oilers zone.
7:14 of 3rd period - Shot by Mikkel Boedker.
7:14 of 3rd period - Shot Blocked by Dougie Hamilton.
7:16 of 3rd period - Shot by Brad Stuart.
7:16 of 3rd period - Shot Misses the Net.
7:18 of 3rd period - Shot by Brad Stuart.
7:18 of 3rd period - Shot Blocked by Dougie Hamilton.
7:20 of 3rd period - Shot by Mikkel Boedker.
7:20 of 3rd period - Shot Misses the Net.
7:22 of 3rd period - Shot by Justin Williams.
7:22 of 3rd period - Shot Misses the Net.
7:24 of 3rd period - Shot by Marco Scandella.
7:24 of 3rd period - Stopped by Carey Price without a rebound.
7:25 of 3rd period - Landon Ferraro wins face-off versus Patrice Bergeron in Bruins zone.
7:32 of 3rd period - Shot by Nail Yakupov.
7:32 of 3rd period - Deflect By Landon Ferraro.
7:32 of 3rd period - Shot Misses the Net.
7:34 of 3rd period - Shot by Marc-Edouard Vlasic.
7:34 of 3rd period - Shot Blocked by Patrice Bergeron.
7:46 of 3rd period - Shot by Scottie Upshall.
7:46 of 3rd period - Shot Misses the Net.
7:48 of 3rd period - Shot by Brian Campbell.
7:48 of 3rd period - Stopped by Carey Price without a rebound.
7:49 of 3rd period - Patrice Bergeron wins face-off versus Justin Williams in Bruins zone.
8:02 of 3rd period - Shot by Brad Stuart.
8:02 of 3rd period - Shot Misses the Net.
8:04 of 3rd period - Shot by Brad Stuart.
8:04 of 3rd period - Shot Misses the Net.
8:20 of 3rd period - Shot by Mikkel Boedker.
8:20 of 3rd period - Stopped by Carey Price without a rebound.
8:21 of 3rd period - Patrice Bergeron wins face-off versus Landon Ferraro in Bruins zone.
8:40 of 3rd period - Shot by Marc-Edouard Vlasic.
8:40 of 3rd period - Stopped by Carey Price without a rebound.
8:41 of 3rd period - Tyler Bozak wins face-off versus Patrice Bergeron in Bruins zone.
8:52 of 3rd period - Shot by Tomas Plekanec.
8:52 of 3rd period - Shot Misses the Net.
8:54 of 3rd period - Shot by John Carlson.
8:54 of 3rd period - Shot Misses the Net.
8:56 of 3rd period - Shot by P.K. Subban.
8:56 of 3rd period - Shot Misses the Net.
9:04 of 3rd period - Shot by Brendan Gallagher.
9:04 of 3rd period - Shot Blocked by Kyle Quincey.
9:08 of 3rd period - Shot by Tomas Plekanec.
9:08 of 3rd period - Deflect By Brendan Gallagher.
9:08 of 3rd period - Shot Blocked by Drew Miller.
9:12 of 3rd period - Shot by Brendan Gallagher.
9:12 of 3rd period - Stopped by Kari Lehtonen with a rebound.
9:14 of 3rd period - Shot by Tomas Plekanec.
9:14 of 3rd period - Deflect By Brad Marchand.
9:14 of 3rd period - Stopped by Kari Lehtonen without a rebound.
9:15 of 3rd period - Melker Karlsson wins face-off versus Ryan Kesler in Oilers zone.
10:22 of 3rd period - Icing by Marco Scandella.
10:23 of 3rd period - Ryan Kesler wins face-off versus Patrice Bergeron in Oilers zone.
10:23 of 3rd period - Ryan Kesler is hit by Patrick Sharp.
10:38 of 3rd period - Shot by Patrice Bergeron.
10:38 of 3rd period - Stopped by Kari Lehtonen without a rebound.
10:39 of 3rd period - Tomas Plekanec wins face-off versus Tyler Bozak in Oilers zone.
12:46 of 3rd period - Shot by Nail Yakupov.
12:46 of 3rd period - Stopped by Carey Price without a rebound.
12:47 of 3rd period - Ryan Kesler wins face-off versus Ryan Spooner in Bruins zone.
13:09 of 3rd period - Brian Campbell is hit by P.K. Subban.
13:27 of 3rd period - Icing by P.K. Subban.
13:28 of 3rd period - Ryan Spooner wins face-off versus Tyler Bozak in Bruins zone.
14:48 of 3rd period - Icing by Marco Scandella.
14:49 of 3rd period - Patrice Bergeron wins face-off versus Tyler Bozak in Oilers zone.
15:12 of 3rd period - Torey Krug is hit by Ryan Kesler and loses puck.
15:29 of 3rd period - Shot by Ryan Kesler.
15:29 of 3rd period - Shot Misses the Net.
15:31 of 3rd period - Shot by Ryan Kesler.
15:31 of 3rd period - Stopped by Carey Price without a rebound.
15:32 of 3rd period - Bo Horvat wins face-off versus Melker Karlsson in Bruins zone.
15:49 of 3rd period - Shot by Melker Karlsson.
15:49 of 3rd period - Shot Misses the Net.
15:51 of 3rd period - Shot by Brandon Pirri.
15:51 of 3rd period - Shot Misses the Net.
15:53 of 3rd period - Shot by Brandon Pirri.
15:53 of 3rd period - Stopped by Kari Lehtonen with a rebound.
15:55 of 3rd period - Shot by Melker Karlsson.
15:55 of 3rd period - Shot Misses the Net.
15:57 of 3rd period - Shot by Melker Karlsson.
15:57 of 3rd period - Shot Blocked by Bo Horvat.
16:05 of 3rd period - Shot by Carl Soderberg.
16:05 of 3rd period - Shot Misses the Net.
16:13 of 3rd period - Shot by Melker Karlsson.
16:13 of 3rd period - Shot Misses the Net.
16:39 of 3rd period - Shot by Tomas Plekanec.
16:39 of 3rd period - Shot Misses the Net.
16:41 of 3rd period - Shot by Brendan Gallagher.
16:41 of 3rd period - Shot Misses the Net.
17:50 of 3rd period - Icing by Joe Morrow.
17:51 of 3rd period - Tyler Bozak wins face-off versus Patrice Bergeron in Bruins zone.
18:27 of 3rd period - Brad Stuart is hit by Corey Perry and loses puck.
18:36 of 3rd period - Dominic Moore is hit by Torey Krug and loses puck.
18:44 of 3rd period - Icing by Joe Morrow.
18:45 of 3rd period - Patrice Bergeron wins face-off versus Ryan Kesler in Bruins zone.
Goals for this period are 0 for Oilers vs 1 for Bruins.
Shots for this period are 7 for Oilers vs 9 for Bruins.